 Dungeon Sprint DCSS version 0.24-a0-784-g601f8f6d22 (webtiles) character file.

Game seed: 8170638316622618336, levelgen mode: deterministic

448 IC0N0FSIN the Protected (level 6, -11/66 HPs)
             Began as a Minotaur Fighter on Oct 9, 2019.
             Was an Initiate of Wu Jian.
             Mangled by a deep troll (15 damage)
             ... in the Dungeon (Sprint I: "Red Sonja").
             The game lasted 00:04:58 (344 turns).

IC0N0FSIN the Protected (Minotaur Fighter)           Turns: 344, Time: 00:04:59

Health: -11/66     AC:  8    Str: 22    XL:     6   Next: 73%
Magic:  5/5        EV: 15    Int:  5    God:    Wu Jian [......]
Gold:   364        SH: 12    Dex: 15    Spells: 5/5 levels left

rFire    . . .     SeeInvis .   a - +0 war axe
rCold    . . .     Gourm    .   c - +0 shield
rNeg     . . .     Faith    .   b - +0 scale mail
rPois    .         Spirit   .   (helmet restricted)
rElec    .         Reflect  .   (no cloak)
rCorr    .         Harm     .   (no gloves)
MR       .....     NoTele   +   (no boots)
Stlth    +.........             (no amulet)
HPRegen  0.21/turn              (no ring)
MPRegen  0.09/turn              (no ring)

@: agile, lethally poisoned (-11 -> -34), slowed, very slow
A: retaliatory headbutt, horns 2
a: Renounce Religion


You were in the Dungeon.
You worshipped Wu Jian.
Wu Jian was noncommittal.
You were not hungry.

You visited 1 branch You collected 364 gold pieces.

Inventory:

Hand Weapons
 a - a +0 war axe (weapon)
 g - a +0 scythe
Armour
 b - a +0 scale mail (worn)
 c - a +0 shield (worn)
Wands
 d - a wand of polymorph (6)
Scrolls
 k - a scroll of blinking
Potions
 h - a potion of haste
 i - 2 potions of magic
 l - a potion of flight {unknown}
 m - a potion of agility
Comestibles
 f - a ration
 j - 3 chunks of flesh


   Skills:
 + Level 9.7 Fighting
 + Level 6.6 Axes
 + Level 10.1 Armour
 + Level 1.7 Dodging
 + Level 0.5 Stealth
 + Level 9.7 Shields
 + Level 1.5 Unarmed Combat


You had 5 spell levels left.
You didn't know any spells.
Your spell library was empty.

Dungeon Overview and Level Annotations

Branches:
Dungeon (1/1)

Altars:
Cheibriados
Dithmenos
Elyvilon
Fedhas
Gozag
Hepliaklqana
Kikubaaqudgha
Nemelex Xobeh
Okawaru
Qazlal
Ru
Sif Muna
Trog
Uskayaw
Vehumet
Wu Jian
Yredelemnul
Zin
The Shining One

Shops:
D [

Annotations:
D Sonja


Innate Abilities, Weirdness & Mutations

You reflexively headbutt those who attack you in melee.
You have a pair of horns on your head.


Message History

Sonja closely misses you. You block Sonja's attack.
You block the deep troll's attack. The deep troll claws you.
* * * LOW HITPOINT WARNING * * *
The deep troll misses you. Sonja misses you. You furiously retaliate!
You headbutt Sonja. Sonja hits you but does no damage. Sonja misses you.
The deep troll barely misses you. The deep troll completely misses you.
The deep troll closely misses you.
You hit the deep troll.
The deep troll is lightly wounded.
You barely miss Sonja.
* * * LOW HITPOINT WARNING * * *
You feel sick. You block Sonja's attack. Sonja hits you but does no damage.
You are more poisoned.
You block Sonja's attack. Sonja barely misses you. You furiously retaliate!
You headbutt Sonja!
Sonja hits you with a +1 short sword of venom.
* * * LOW HITPOINT WARNING * * *
You are more poisoned.
Sonja misses you. The deep troll bites you!
You die...

#..####..#...#.#
#..#__####..##.#
#..#_____##'#_.+
#⌠⌠#_.∩...'..._#
####_..__##_.#+#
#_____###(#
#########.####+###
.......'(K.'$$.$$+
++++####$@T#######
##.## #+#


You could see a deep troll and Sonja.

Vanquished Creatures
  Sigmund (D)
  A yak (D)
  An ogre (D)
  A jelly (D)
  Ijyb (D)
5 creatures vanquished.

Notes
Turn   | Place    | Note
-------+----------+-------------------------------------------
     0 | D        | IC0N0FSIN the Minotaur Fighter began the quest for the Orb.
     0 | D        | Reached XP level 1. HP: 19/19 MP: 0/0
     1 | D        | Noticed Ijyb
     9 | D        | Killed Ijyb
     9 | D        | Reached skill level 5 in Fighting
     9 | D        | Reached skill level 5 in Armour
     9 | D        | Reached skill level 5 in Shields
     9 | D        | Reached XP level 2. HP: 26/29 MP: 1/1
    33 | D        | Noticed an ogre
    36 | D        | Killed an ogre
    36 | D        | Reached skill level 7 in Armour
    36 | D        | Reached XP level 3. HP: 17/39 MP: 2/2
    36 | D        | Reached XP level 4. HP: 21/47 MP: 3/3
   211 | D        | Noticed Sigmund
   225 | D        | Killed Sigmund
   225 | D        | Reached skill level 5 in Axes
   225 | D        | Reached skill level 9 in Armour
   225 | D        | Reached skill level 1 in Dodging
   225 | D        | Reached skill level 1 in Unarmed Combat
   225 | D        | Reached XP level 5. HP: 50/56 MP: 4/4
   225 | D        | Reached XP level 6. HP: 55/62 MP: 5/5
   271 | D        | Found a shimmering blue altar of Sif Muna.
   272 | D        | Found an ornate altar of the Wu Jian Council.
   273 | D        | Found a radiant altar of Vehumet.
   307 | D        | Became a worshipper of the Wu Jian Council
   310 | D        | Found Yfasoj's Antique Armour Emporium.
   310 | D        | Found an ancient bone altar of Kikubaaqudgha.
   310 | D        | Found a hazy altar of Hepliaklqana.
   310 | D        | Found a stormy altar of Qazlal.
   310 | D        | Found a hide-covered altar of Uskayaw.
   310 | D        | Found a blossoming altar of Fedhas.
   310 | D        | Found a bloodstained altar of Trog.
   310 | D        | Found an iron altar of Okawaru.
   310 | D        | Found a basalt altar of Yredelemnul.
   310 | D        | Found a glowing golden altar of the Shining One.
   310 | D        | Found a snail-covered altar of Cheibriados.
   310 | D        | Found a sacrificial altar of Ru.
   310 | D        | Found a glowing silver altar of Zin.
   310 | D        | Found a shadowy altar of Dithmenos.
   310 | D        | Found a white marble altar of Elyvilon.
   310 | D        | Noticed a yak
   315 | D        | Killed a yak
   315 | D        | Reached skill level 10 in Armour
   316 | D        | Found an opulent altar of Gozag.
   317 | D        | Found a sparkling altar of Nemelex Xobeh.
   326 | D        | Noticed Sonja
   338 | D        | Noticed a deep troll
   344 | D        | Mangled by a deep troll

Levels and vault maps discovered:
D:        dungeon_sprint_1 [red_sonja_temple_1, red_sonja_temple_small_1]

Skill      XL: |  1  2  3  4  5  6 |
---------------+-------------------+-----
Fighting       | 5 7 8 9 |  9.7
Axes           | 3 5 6 |  6.6
Armour         | 5 7 9 10 | 10.1
Shields        | 5 7 8 9 |  9.7
Dodging        | 1 |  1.7
Unarmed Combat | 1 |  1.5
Stealth        | |  0.5

Action                   |  1- 3 |  4- 6 || total
-------------------------+-------+-------++-------
Melee: War axe           |     5 |    18 ||    23
       Unarmed           |     2 |       ||     2
       Headbutt          |     2 |     4 ||     6
  Use: Potion            |     1 |     4 ||     5
Armor: Skin              |     1 |       ||     1
       Scale mail        |       |     4 ||     4
Dodge: Dodged            |     3 |    17 ||    20
Block: Shield            |       |    22 ||    22

Table legend:
 A = Non-vault XP
 B = Vault XP
 C = Vault XP percentage of total XP
 D = Non-vault monster count
 E = Vault monster count
 F = Vault count percentage of total count
                 A         B        C        D         E       F
            +---------+---------+-------+---------+---------+-------
      Total |       0 |     641 | 100.0 |       0 |       5 | 100.0
            +---------+---------+-------+---------+---------+-------
          D |       0 |     641 | 100.0 |       0 |       5 | 100.0
            +---------+---------+-------+---------+---------+-------
